 Dungeon Crawl Stone Soup version 0.21.0-3-g78d12a8 (webtiles) character file.

952 Flooderbenga the Cudgeler (level 7, 0/63 HPs)
             Began as a Deep Dwarf Fighter on Jan 10, 2018.
             Was a Follower of Makhleb.
             Killed from afar by an orc (14 damage)
             ... with a wand of acid (5)
             ... on level 6 of the Dungeon.
             The game lasted 00:20:28 (4300 turns).

Flooderbenga the Cudgeler (Deep Dwarf Fighter)      Turns: 4300, Time: 00:20:29

Health: 0/63       AC: 12    Str: 21    XL:     7   Next: 90%
Magic:  4/4        EV:  5    Int:  9    God:    Makhleb [*.....]
Gold:   204        SH: 10    Dex: 12    Spells: 6/6 levels left

rFire    . . .     SeeInvis .   a - +0 flail
rCold    . . .     Gourm    .   c - +0 shield
rNeg     . . .     Faith    .   A - +3 chain mail
rPois    .         Spirit   .   (no helmet)
rElec    .         Reflect  .   (no cloak)
rCorr    .         Harm     .   (no gloves)
MR       +....                  (no boots)
Stlth    ..........             (no amulet)
HPRegen  0.00/turn              (no ring)
MPRegen  0.09/turn              (no ring)

@: non-regenerating
A: damage resistance, heal wounds, sense surroundings 1, no regeneration
a: Heal Wounds, Renounce Religion


You were on level 6 of the Dungeon.
You worshipped Makhleb.
Makhleb was aware of your devotion.
You were hungry.

You visited 2 branches of the dungeon, and saw 7 of its levels.

You collected 204 gold pieces.

Inventory:

Hand Weapons
 a - a +0 flail (weapon)
Missiles
 j - 2 tomahawks
 l - 77 sling bullets
 p - 36 poisoned needles
 q - 103 stones (quivered)
 s - 33 bolts
 t - 67 arrows
Armour
 c - a +0 shield (worn)
 A - a +3 chain mail (worn)
Wands
 x - a wand of disintegration (14)
Scrolls
 e - 4 scrolls of teleportation {unknown}
 g - a scroll of magic mapping {unknown}
 h - 9 scrolls of identify {unknown}
 i - 4 scrolls of fear {unknown}
 k - a scroll of amnesia {unknown}
 m - a scroll of immolation {unknown}
 o - 5 scrolls of remove curse {unknown}
Potions
 b - a potion of berserk rage {unknown}
 d - 2 potions of might {@q4}
 n - a potion of cancellation {unknown}
 r - 5 potions of heal wounds {unknown}
 u - a potion of flight {unknown}
 v - 3 potions of lignification {unknown}
 w - 4 potions of brilliance {unknown}
 z - a potion of agility {unknown}
 B - 2 potions of invisibility {unknown}
 C - a potion of curing {unknown}
Comestibles
 f - 14 rations


   Skills:
 + Level 3.7 Fighting
 * Level 6.1 Maces & Flails
 + Level 4.6 Armour
 + Level 3.6 Stealth
 * Level 5.5 Shields
 + Level 2.1 Invocations


You had 6 spell levels left.
You didn't know any spells.

Dungeon Overview and Level Annotations

Branches:
Dungeon (6/15)             Temple (1/1) D:4

Altars:
Ashenzari
Cheibriados
Elyvilon
Fedhas
Gozag
Kikubaaqudgha
Makhleb
Nemelex Xobeh
Okawaru
Qazlal
Ru
Sif Muna
Trog
Uskayaw
Vehumet
Wu Jian
Xom
Yredelemnul
Zin
The Shining One

Annotations:
D:5 exclusion: oklob plant


Innate Abilities, Weirdness & Mutations

You are resistant to damage.
You can heal yourself by infusing magical energy.
You passively map a small area around you.
You do not regenerate.


Message History

The bolt of acid misses you.
It is a wand of acid (6).
The orc hits you but does no damage. The quokka barely misses you.
The orc hits you but does no damage.
Found a leatherbound book.
Items here: )) [ ††† The orc zaps a wand.
The bolt of acid hits the orc.
The orc is splashed with acid.
The acid corrodes the orc!
The orc dies!
The bolt of acid hits you!
You are splashed with acid!
The acid burns!
* * * LOW HITPOINT WARNING * * *
You take 17 damage, and have 14/63 hp.
MASSIVE DAMAGE!!
The quokka bites you. You block the orc's attack.
Items here: ))) [[ †††† You closely miss the orc.
The quokka bites you but does no damage.
You block the orc's attack.
The quokka bites you but does no damage.
You closely miss the orc. The quokka closely misses you.
The orc zaps a wand.
The bolt of acid hits you!
You die...

* .8#8.#.
:....#. , , *
,#..#.#. * **
....... *#.....*
#...(.
##....r### , ,
....(.o@.# ** *
* .......#.#
#...# .......#.#
#...# ,
...#####.# #...#
.. #.######...#
.,, #.##...#...#
* * #.##.#.#..)#
#....#.#...#
##########.....#


You could see an orc and a quokka.

Vanquished Creatures
  2 ice beasts
  An ogre (D:4)
  2 centaurs (D:5)
  A scorpion (D:5)
  A centaur skeleton (D:5)
  2 orc priests
  An orc wizard (D:3)
  An iguana (D:5)
  4 worker ants
  Ijyb (D:4)
  A hound zombie (D:5)
  3 adders
  2 shadow imps (D:5)
  7 oozes
  An adder skeleton (D:4)
  3 worms
  4 leopard geckos
  19 orcs
  3 ball pythons
  9 giant cockroaches
  9 goblins
  11 hobgoblins
  3 jackals (D:5)
  5 bats
  5 frilled lizards
  6 kobolds
  A leopard gecko skeleton (D:5)
  4 rats
112 creatures vanquished.

Vanquished Creatures (others)
  A leopard gecko (D:6)
  An orc (D:6)
  13 toadstools (D:5)
15 creatures vanquished.

Grand Total: 127 creatures vanquished

Notes
Turn   | Place    | Note
-------+----------+-------------------------------------------
     0 | D:1      | Flooderbenga the Deep Dwarf Fighter began the quest for the Orb.
     0 | D:1      | Reached XP level 1. HP: 20/20 MP: 1/1
    97 | D:1      | Reached XP level 2. HP: 27/27 MP: 2/2
   130 | D:1      | Reached skill level 3 in Maces & Flails
   451 | D:1      | Reached XP level 3. HP: 26/33 MP: 3/3
   882 | D:2      | Reached skill level 4 in Maces & Flails
  1271 | D:2      | Reached XP level 4. HP: 36/40 MP: 3/3
  1706 | D:3      | Reached skill level 1 in Stealth
  1756 | D:3      | Reached XP level 5. HP: 35/48 MP: 4/4
  1881 | D:3      | Found a sparkling altar of Nemelex Xobeh.
  2069 | D:4      | Noticed Ijyb
  2086 | D:4      | Killed Ijyb
  2156 | D:4      | Found a staircase to the Ecumenical Temple.
  2170 | Temple   | Entered the Ecumenical Temple
  2296 | Temple   | Became a worshipper of Elyvilon the Healer
  2458 | D:4      | Noticed an ice beast
  2478 | D:4      | Noticed an ogre
  2570 | D:3      | Reached skill level 5 in Maces & Flails
  2589 | D:4      | Reached XP level 6. HP: 15/56 MP: 5/5
  2635 | D:4      | Reached * piety under Elyvilon
  2868 | D:5      | Entered Level 5 of the Dungeon
  3167 | D:5      | Found a burning altar of Makhleb.
  3167 | D:5      | Found a glowing silver altar of Zin.
  3168 | D:5      | Noticed an angel
  3168 | D:5      | Noticed a blizzard demon
  3194 | D:5      | Fell from the grace of Elyvilon
  3194 | D:5      | Became a worshipper of Makhleb the Destroyer
  3256 | D:5      | Reached XP level 7. HP: 35/62 MP: 6/6
  3367 | D:5      | HP: 3/62 [ice beast (10)]
  3369 | D:5      | Reached skill level 5 in Shields
  3369 | D:5      | Reached skill level 1 in Invocations
  3619 | D:4      | Reached skill level 6 in Maces & Flails
  4038 | D:5      | Was forgiven by Elyvilon
  4068 | D:5      | Found a blossoming altar of Fedhas.
  4082 | D:5      | Noticed an oklob plant
  4291 | D:6      | Reached * piety under Makhleb
  4300 | D:6      | Killed from afar by an orc

Skill      XL: |  1  2  3  4  5  6  7 |
---------------+----------------------+-----
Maces & Flails | 3 4 5 6 |  6.1
Stealth        | 1 2 3 |  3.6
Fighting       | 3 |  3.7
Shields        | 4 5 |  5.5
Armour         | 4 |  4.6
Invocations    | 2 |  2.1

Action                   |  1- 3 |  4- 6 |  7- 9 || total
-------------------------+-------+-------+-------++-------
Melee: Flail             |   156 |   237 |    99 ||   492
Throw: Stone             |     5 |     3 |    18 ||    26
Invok: Lesser Healing    |       |    13 |       ||    13
 Abil: Heal Wounds       |     1 |     1 |     5 ||     7
  Eat: Chunk             |     1 |     8 |     4 ||    13
Armor: Scale mail        |    75 |    39 |       ||   114
       Chain mail        |       |    64 |    37 ||   101
Dodge: Dodged            |    39 |    55 |    18 ||   112
Block: Shield            |    84 |   127 |    27 ||   238
